Flames vs Blues

Created - 5 février 2017 at 23:32

Goals
1 2 3 T
Flames 0 0 2 2
Blues 2 1 0 3
Shots
1 2 3 T
Flames 4 11 17 32
Blues 10 15 5 30

1st period

1. Blues , Travis Zajac 11 (Bryce Lampman, Jeff Deslauriers) at 0:47
2. Blues , Travis Zajac 12 (Taylor Hall, Nicklas Backstrom) at 6:24

Penalties :
Tomas Kaberle (Cal) for Diving (Minor) at 9:18, Michel Ouellet (Cal) for Tripping (Minor) at 16:05

2nd period

3. Blues , Travis Zajac 13 (Joe Pavelski, Alex Pietrangelo) at 7:16

Penalties :
Taylor Hall (STL) for Hooking (Minor) at 14:24

3rd period

4. Flames , Eric Staal 17 (Alexander Semin) at 5:07
5. Flames , David Backes 16 (Alexander Semin, Eric Staal) at 18:48

Penalties :
Mark Bell (Cal) for Hooking (Minor) at 0:56, Michel Ouellet (Cal) for Hooking (Minor) at 6:07, David Backes (Cal) for Tripping (Minor) at 14:33

Goalie Stats

Pekka Rinne (Cal), 27 saves from 30 shots - (0,900), L, 16-15-3, 58:52 minutes
Jeff Deslauriers (STL), 30 saves from 32 shots - (0,938), W, 4-3-1, 60:00 minutes

Players Stats for Flames

Player Name              G  A  P  +/- PIM S  H  SB GA TA FO     MP     PP MP  PK MP  
------------------------------------------------------------------------------------
Alexander Semin          0  2  2   2  0   5  0  1  1  0  0/1    21:46   1:02   3:27 
Brad Marchand            0  0  0   0  0   1  1  0  0  0  0/0     9:38   0:00   1:21 
Colin Wilson             0  0  0   0  0   1  1  0  1  1  0/2     6:39   0:00   0:00 
David Backes             1  0  1   2  2   6  3  0  1  0  1/2    18:35   1:02   0:00 
Derek Meech              0  0  0   0  0   1  0  1  0  2  0/0    21:54   0:00   4:26 
Eric Staal               1  1  2   2  0   5  1  0  0  0  12/21  21:28   1:02   2:59 
Erik Johnson             0  0  0   0  0   3  1  0  2  3  0/0    18:52   0:52   0:53 
Jordin Tootoo            0  0  0  -1  0   2  1  0  1  0  2/3    19:26   0:00   6:03 
Marcel Goc               0  0  0  -2  0   2  0  1  0  0  8/18   15:53   0:00   6:00 
Mark Bell                0  0  0  -2  2   1  0  0  0  0  0/0    10:02   0:00   0:00 
Michel Ouellet           0  0  0  -2  4   2  0  0  0  0  1/1    11:59   0:57   0:00 
Noah Welch               0  0  0   0  0   0  1  1  0  0  0/0     7:52   1:07   0:00 
Patrik Berglund          0  0  0  -1  0   2  2  0  0  0  5/12   13:25   0:57   0:00 
Robyn Regehr             0  0  0  -1  0   0  0  0  0  0  0/0    12:28   1:07   0:00 
Ron Hainsey              0  0  0  -1  0   0  3  2  0  1  0/0    20:03   0:00   5:29 
Steve Eminger            0  0  0   0  0   0  2  0  0  0  0/0    27:26   0:00   5:29 
Steve Regier             0  0  0  -1  0   0  1  1  0  0  0/0    14:27   0:57   0:00 
Tomas Kaberle            0  0  0   0  2   1  1  2  0  1  0/0    18:07   0:52   3:33 

Players Stats for Blues

Player Name              G  A  P  +/- PIM S  H  SB GA TA FO     MP     PP MP  PK MP  
------------------------------------------------------------------------------------
Alex Pietrangelo         0  1  1   2  0   6  0  1  3  1  0/0    25:29   6:24   0:00 
Bryce Lampman            0  1  1   2  0   3  1  3  0  1  0/0    25:52   3:31   0:55 
Darren Reid              0  0  0   0  0   2  1  0  0  0  0/0    10:04   0:00   0:00 
David Perron             0  0  0  -2  0   3  3  1  1  1  0/0    21:16   4:04   0:33 
Drew Fata                0  0  0   1  0   0  0  0  0  1  0/0    14:30   0:00   1:04 
Jake Gardiner            0  0  0  -2  0   2  2  0  1  0  0/0    23:46   6:24   0:00 
Joe Pavelski             0  1  1   2  0   3  0  0  1  0  2/2    16:34   5:51   0:00 
Kevin Porter             0  0  0   0  0   1  0  0  0  0  1/2     8:53   0:00   0:00 
Nicklas Backstrom        0  1  1  -2  0   1  4  2  1  0  19/37  21:36   5:51   0:33 
Nik Antropov             0  0  0   1  0   0  1  0  0  0  3/7    13:59   0:00   1:10 
Paul Kariya              0  0  0   0  0   1  1  0  0  0  0/0     9:01   0:06   0:00 
Sergei Shirokov          0  0  0  -2  0   2  1  0  0  0  0/2    19:57   4:04   0:16 
Steve McCarthy           0  0  0   1  0   0  0  2  0  0  0/0    10:28   0:00   1:04 
Taylor Hall              0  1  1   2  2   1  2  0  0  0  2/2    16:38   5:45   0:00 
Taylor Pyatt             0  0  0   1  0   0  1  0  0  0  0/0    12:48   0:00   1:10 
Tomas Kopecky            0  0  0   1  0   1  3  0  0  0  0/0    11:42   0:00   0:00 
Travis Hamonic           0  0  0  -2  0   0  4  0  0  2  0/0    19:55   3:31   0:55 
Travis Zajac             3  0  3   2  0   4  1  0  1  0  4/8    15:32   4:04   0:16 

3 Stars

1 - Travis Zajac (STL)
2 - Eric Staal (Cal)
3 - Alexander Semin (Cal)

Power Play

Flames - 0 on 1 Attempt(s) - 0,00%
Blues - 0 on 5 Attempt(s) - 0,00%

Penalty Kill

Flames - 5 on 5 Attempt(s) - 100,00% - Score 0 goal in Penalty Kill
Blues - 1 on 1 Attempt(s) - 100,00% - Score 0 goal in Penalty Kill

Team Stat

Flames - Hits : 18 - Faceoff Wins : 29 - Blocked Shots : 9 - Penalty Minutes : 10
Blues - Hits : 25 - Faceoff Wins : 31 - Blocked Shots : 9 - Penalty Minutes : 2

Official

Referees : Martell Rob and Kozari Steve
Linesman : Pierre Racicot and Pierre Champoux

Game Notes

Travis Zajac has scored a Hat Trick!

Finance

Level 1 -- Attendance: 6000 (100,00%) -- Ticket Income 504 000 $
Level 2 -- Attendance: 4406 (88,12%) -- Ticket Income 229 112 $
Level 3 -- Attendance: 1769 (88,45%) -- Ticket Income 53 070 $
Level 4 -- Attendance: 3842 (96,05%) -- Ticket Income 72 998 $
Luxury Box -- Attendance: 741 (74,10%) -- Ticket Income 125 229 $
Game was played at the Scotttrade center.
Total Attendance: 16758 (93,10%)
Total Ticket Income: 984 409 $
Other Income: 147 661 $
Total Income: 1 132 070 $

Flames

5 vs 5 Forward 
   Center                   Left Wing                Right Wing               Time % Phy DF OF 
 1 Eric Staal               Alexander Semin          David Backes             39     1   2  2  
 2 Patrik Berglund          Steve Regier             Jordin Tootoo            30     1   2  2  
 3 Marcel Goc               Mark Bell                Michel Ouellet           21     1   2  2  
 4 Colin Wilson             Brad Marchand            Noah Welch               10     1   2  2  

5 vs 5 Defense 
   Defense                  Defense                                           Time % Phy DF OF 
 1 Erik Johnson             Steve Eminger                                     40     1   2  2  
 2 Derek Meech              Tomas Kaberle                                     30     1   2  2  
 3 Ron Hainsey              Robyn Regehr                                      20     1   2  2  
 4 Derek Meech              Steve Eminger                                     10     1   2  2  

PowerPlay Forward 
   Center                   Left Wing                Right Wing               Time % Phy DF OF 
 1 Eric Staal               Alexander Semin          David Backes             60     1   1  3  
 2 Patrik Berglund          Steve Regier             Michel Ouellet           40     1   1  3  

PowerPlay Defense
   Defense                  Defense                                           Time % Phy DF OF 
 1 Erik Johnson             Tomas Kaberle                                     60     1   1  3  
 2 Robyn Regehr             Noah Welch                                        40     1   1  3  

Penalty Kill 4 Players Forward 
   Center                   Wing                     Time % Phy DF OF 
 1 Marcel Goc               Jordin Tootoo            60     1   3  1  
 2 Eric Staal               Alexander Semin          40     1   3  1  

Penalty Kill 4 Players Defense
   Defense                  Defense                  Time % Phy DF OF 
 1 Ron Hainsey              Steve Eminger            60     1   4  0  
 2 Derek Meech              Tomas Kaberle            40     1   4  0  

Penalty Kill - 3 Players Forward 
   Forward                                           Time % Phy DF OF 
 1 Eric Staal                                        60     1   4  0  
 2 Alexander Semin                                   40     1   4  0  

Penalty Kill - 3 Players Defense
   Defense                  Defense                  Time % Phy DF OF 
 1 Ron Hainsey              Steve Eminger            60     1   4  0  
 2 Derek Meech              Tomas Kaberle            40     1   4  0  

4 vs 4 Forward 
   Center                   Wing                     Time % Phy DF OF 
 1 Eric Staal               Alexander Semin          60     1   2  2  
 2 Patrik Berglund          Jordin Tootoo            40     1   2  2  

4 vs 4 Defense
   Defense                  Defense                  Time % Phy DF OF 
 1 Erik Johnson             Steve Eminger            60     1   2  2  
 2 Derek Meech              Tomas Kaberle            40     1   2  2  

Last Minutes Offensive
   Center                   Left Wing                Right Wing               Defense                  Defense                  
   Eric Staal               Alexander Semin          David Backes             Erik Johnson             Steve Eminger            

Last Minutes Defensive
   Center                   Left Wing                Right Wing               Defense                  Defense                  
   Eric Staal               Alexander Semin          David Backes             Erik Johnson             Steve Eminger            

Goaltenders
Starting : Pekka Rinne              
Backup : Craig Anderson           

Extra Forwards
Normal : Alexander Semin, Jordin Tootoo, Steve Regier - PP : Jordin Tootoo, Steve Regier - PK : Brad Marchand
Extra Defensemen
Normal : Erik Johnson, Tomas Kaberle, Ron Hainsey - PP : Derek Meech - PK : Erik Johnson, Derek Meech
Penalty Shots
Eric Staal, Alexander Semin, Patrik Berglund, David Backes, Colin Wilson

Blues

5 vs 5 Forward 
   Center                   Left Wing                Right Wing               Time % Phy DF OF 
 1 Nicklas Backstrom        David Perron             Sergei Shirokov          40     1   2  2  
 2 Travis Zajac             Taylor Hall              Joe Pavelski             30     1   2  2  
 3 Nik Antropov             Taylor Pyatt             Tomas Kopecky            20     1   2  2  
 4 Kevin Porter             Paul Kariya              Darren Reid              10     1   2  2  

5 vs 5 Defense 
   Defense                  Defense                                           Time % Phy DF OF 
 1 Bryce Lampman            Alex Pietrangelo                                  40     1   2  2  
 2 Travis Hamonic           Jake Gardiner                                     30     1   2  2  
 3 Drew Fata                Steve McCarthy                                    20     1   2  2  
 4 Jake Gardiner            Drew Fata                                         10     1   2  2  

PowerPlay Forward 
   Center                   Left Wing                Right Wing               Time % Phy DF OF 
 1 Nicklas Backstrom        Taylor Hall              Joe Pavelski             60     1   2  2  
 2 Travis Zajac             David Perron             Sergei Shirokov          40     1   2  2  

PowerPlay Defense
   Defense                  Defense                                           Time % Phy DF OF 
 1 Jake Gardiner            Alex Pietrangelo                                  60     1   2  2  
 2 Travis Hamonic           Bryce Lampman                                     40     1   2  2  

Penalty Kill 4 Players Forward 
   Center                   Wing                     Time % Phy DF OF 
 1 Nik Antropov             Taylor Pyatt             60     1   2  2  
 2 Travis Zajac             Sergei Shirokov          40     1   2  2  

Penalty Kill 4 Players Defense
   Defense                  Defense                  Time % Phy DF OF 
 1 Travis Hamonic           Bryce Lampman            60     1   2  2  
 2 Steve McCarthy           Drew Fata                40     1   2  2  

Penalty Kill - 3 Players Forward 
   Forward                                           Time % Phy DF OF 
 1 Nik Antropov                                      60     1   2  2  
 2 Taylor Pyatt                                      40     1   2  2  

Penalty Kill - 3 Players Defense
   Defense                  Defense                  Time % Phy DF OF 
 1 Travis Hamonic           Drew Fata                60     1   2  2  
 2 Bryce Lampman            Jake Gardiner            40     1   2  2  

4 vs 4 Forward 
   Center                   Wing                     Time % Phy DF OF 
 1 Travis Zajac             David Perron             60     1   2  2  
 2 Nicklas Backstrom        Taylor Hall              40     1   2  2  

4 vs 4 Defense
   Defense                  Defense                  Time % Phy DF OF 
 1 Bryce Lampman            Alex Pietrangelo         60     1   2  2  
 2 Drew Fata                Jake Gardiner            40     1   2  2  

Last Minutes Offensive
   Center                   Left Wing                Right Wing               Defense                  Defense                  
   Nicklas Backstrom        David Perron             Joe Pavelski             Jake Gardiner            Alex Pietrangelo         

Last Minutes Defensive
   Center                   Left Wing                Right Wing               Defense                  Defense                  
   Nik Antropov             David Perron             Darren Reid              Bryce Lampman            Drew Fata                

Goaltenders
Starting : Jeff Deslauriers         
Backup : Tuukka Rask              

Extra Forwards
Normal : Nicklas Backstrom, Sergei Shirokov, Tomas Kopecky - PP : Nicklas Backstrom, David Perron - PK : Taylor Pyatt
Extra Defensemen
Normal : Drew Fata, Steve McCarthy, Jake Gardiner - PP : Bryce Lampman - PK : Travis Hamonic, Jake Gardiner
Penalty Shots
David Perron, Joe Pavelski, Travis Zajac, Nik Antropov, Sergei Shirokov

% Time on Ice - Flames

Lines # - Real PCT - Wanted PCT - Time Play
Normal Forward
1 - 38% - 39% - 17:58
2 - 27% - 30% - 12:29
3 - 21% - 21% - 9:49
4 - 14% - 10% - 6:39
Normal Defense
1 - 41% - 40% - 19:09
2 - 29% - 30% - 13:33
3 - 24% - 20% - 11:21
4 - 6% - 10% - 2:52
PP Forward
1 - 52% - 60% - 1:02
2 - 48% - 40% - 0:57
PP Defense
1 - 44% - 60% - 0:52
2 - 56% - 40% - 1:07
PK Forward
1 - 71% - 60% - 7:03
2 - 29% - 40% - 2:52
PK Defense
1 - 55% - 60% - 5:29
2 - 45% - 40% - 4:26
PK3 Forward
1 - 0% - 60%
2 - 0% - 40%
PK3 Defense
1 - 0% - 60%
2 - 0% - 40%
44 Forward
1 - 0% - 60%
2 - 0% - 40%
44 Defense
1 - 0% - 60%
2 - 0% - 40%
Last Minute Offensive  - 1:11
Last Minute Defensive  - 0:00
Total
Forward - 60:00
Defense - 60:00

% Time on Ice - Blues

Lines # - Real PCT - Wanted PCT - Time Play
Normal Forward
1 - 32% - 40% - 15:12
2 - 24% - 30% - 11:12
3 - 25% - 20% - 11:38
4 - 19% - 10% - 8:53
Normal Defense
1 - 42% - 40% - 19:40
2 - 32% - 30% - 14:59
3 - 20% - 20% - 9:18
4 - 6% - 10% - 2:58
PP Forward
1 - 59% - 60% - 5:51
2 - 41% - 40% - 4:04
PP Defense
1 - 65% - 60% - 6:24
2 - 35% - 40% - 3:31
PK Forward
1 - 87% - 60% - 1:43
2 - 13% - 40% - 0:16
PK Defense
1 - 46% - 60% - 0:55
2 - 54% - 40% - 1:04
PK3 Forward
1 - 0% - 60%
2 - 0% - 40%
PK3 Defense
1 - 0% - 60%
2 - 0% - 40%
44 Forward
1 - 0% - 60%
2 - 0% - 40%
44 Defense
1 - 0% - 60%
2 - 0% - 40%
Last Minute Offensive  - 0:00
Last Minute Defensive  - 1:11
Total
Forward - 60:00
Defense - 60:00

Play by Play

1st period


0:01 of 1st period - Nicklas Backstrom wins face-off versus Eric Staal in neutral zone.
0:26 of 1st period - Erik Johnson is hit by Taylor Hall and loses puck.
0:33 of 1st period - Wrist shot by Taylor Hall.
0:33 of 1st period - Shot Misses the Net.
0:47 of 1st period - Wrist shot by Travis Zajac.
0:47 of 1st period - Goal by Travis Zajac - Flames : 0 - Blues : 1.
0:48 of 1st period - Kevin Porter wins face-off versus Colin Wilson in neutral zone.
1:14 of 1st period - David Backes is hit by Tomas Kopecky.
1:49 of 1st period - Erik Johnson is hit by Nicklas Backstrom and loses puck.
2:22 of 1st period - Snap shot by Patrik Berglund.
2:22 of 1st period - Stopped by Jeff Deslauriers without a rebound.
2:23 of 1st period - Patrik Berglund wins face-off versus Kevin Porter in Blues zone.
2:48 of 1st period - Alexander Semin is hit by Nicklas Backstrom and loses puck.
3:31 of 1st period - Snap shot by Tomas Kopecky.
3:31 of 1st period - Stopped by Pekka Rinne without a rebound.
3:32 of 1st period - Nik Antropov wins face-off versus Jordin Tootoo in Flames zone.
4:01 of 1st period - Snap shot by Patrik Berglund.
4:01 of 1st period - Shot Misses the Net.
4:03 of 1st period - Wrist shot by Steve Eminger.
4:03 of 1st period - Shot Hit the Post.
4:51 of 1st period - Wrist shot by Patrik Berglund.
4:51 of 1st period - Stopped by Jeff Deslauriers with a rebound.
4:53 of 1st period - Slapshot by Steve Eminger.
4:53 of 1st period - Shot Hit the Post.
4:55 of 1st period - Snap shot by Erik Johnson.
4:55 of 1st period - Shot Misses the Net.
4:57 of 1st period - Slapshot by Erik Johnson.
4:57 of 1st period - Stopped by Jeff Deslauriers without a rebound.
4:58 of 1st period - Nicklas Backstrom wins face-off versus Alexander Semin in Blues zone.
4:58 of 1st period - Nicklas Backstrom is hit by David Backes.
6:24 of 1st period - Snap shot by Travis Zajac.
6:24 of 1st period - Goal by Travis Zajac - Flames : 0 - Blues : 2.
6:25 of 1st period - Nicklas Backstrom wins face-off versus Eric Staal in neutral zone.
6:34 of 1st period - Wrist shot by Nicklas Backstrom.
6:34 of 1st period - Shot Misses the Net.
6:40 of 1st period - Snap shot by Nicklas Backstrom.
6:40 of 1st period - Shot Misses the Net.
6:42 of 1st period - Slapshot by Jake Gardiner.
6:42 of 1st period - Stopped by Pekka Rinne without a rebound.
6:43 of 1st period - Michel Ouellet wins face-off versus Travis Zajac in Flames zone.
7:22 of 1st period - Wrist shot by Eric Staal.
7:22 of 1st period - Shot Misses the Net.
8:01 of 1st period - Snap shot by Nik Antropov.
8:01 of 1st period - Shot Misses the Net.
8:23 of 1st period - Slapshot by Mark Bell.
8:23 of 1st period - Shot Blocked by Bryce Lampman.
8:37 of 1st period - Wrist shot by Mark Bell.
8:37 of 1st period - Stopped by Jeff Deslauriers without a rebound.
8:38 of 1st period - Eric Staal wins face-off versus Nicklas Backstrom in Blues zone.
8:56 of 1st period - David Backes is hit by Travis Hamonic.
9:18 of 1st period - Minor Penalty to Tomas Kaberle for Diving.
9:19 of 1st period - Nicklas Backstrom wins face-off versus Marcel Goc in Flames zone.
9:31 of 1st period - Snap shot by Nicklas Backstrom.
9:31 of 1st period - Shot Blocked by Ron Hainsey.
9:33 of 1st period - Wrist shot by Bryce Lampman.
9:33 of 1st period - Stopped by Pekka Rinne with a rebound.
9:35 of 1st period - Snap shot by Bryce Lampman.
9:35 of 1st period - Stopped by Pekka Rinne without a rebound.
9:36 of 1st period - Nicklas Backstrom wins face-off versus Marcel Goc in Flames zone.
9:41 of 1st period - Wrist shot by Nicklas Backstrom.
9:41 of 1st period - Stopped by Pekka Rinne without a rebound.
9:42 of 1st period - Marcel Goc wins face-off versus Nicklas Backstrom in Flames zone.
9:57 of 1st period - Wrist shot by Joe Pavelski.
9:57 of 1st period - Shot Misses the Net.
10:48 of 1st period - Alexander Semin is hit by Bryce Lampman and loses puck.
10:59 of 1st period - Slapshot by Joe Pavelski.
10:59 of 1st period - Deflect By Nicklas Backstrom.
10:59 of 1st period - Shot Misses the Net.
10:59 of 1st period - Puck is out of play.
11:00 of 1st period - Travis Zajac wins face-off versus Marcel Goc in Flames zone.
11:05 of 1st period - Slapshot by Sergei Shirokov.
11:05 of 1st period - Shot Misses the Net.
11:18 of 1st period - Penalty to Tomas Kaberle is over, Tomas Kaberle is back on ice.
13:53 of 1st period - Eric Staal is hit by Jake Gardiner and loses puck.
14:00 of 1st period - Taylor Pyatt is hit by David Backes and loses puck.
14:16 of 1st period - Nik Antropov is hit by Eric Staal and loses puck.
14:26 of 1st period - Eric Staal is hit by Taylor Pyatt and loses puck.
14:55 of 1st period - Snap shot by Tomas Kopecky.
14:55 of 1st period - Shot Misses the Net.
14:57 of 1st period - Snap shot by Taylor Pyatt.
14:57 of 1st period - Deflect By Tomas Kopecky.
14:57 of 1st period - Shot Misses the Net.
14:57 of 1st period - Puck is out of play.
14:58 of 1st period - Patrik Berglund wins face-off versus Nicklas Backstrom in Flames zone.
14:58 of 1st period - Patrik Berglund is hit by David Perron.
15:09 of 1st period - Ron Hainsey is hit by Jake Gardiner and loses puck.
15:14 of 1st period - Slapshot by Alex Pietrangelo.
15:14 of 1st period - Deflect By Jordin Tootoo.
15:14 of 1st period - Stopped by Pekka Rinne without a rebound.
15:15 of 1st period - Joe Pavelski wins face-off versus Marcel Goc in Flames zone.
15:25 of 1st period - Slapshot by Joe Pavelski.
15:25 of 1st period - Stopped by Pekka Rinne with a rebound.
15:27 of 1st period - Snap shot by Travis Zajac.
15:27 of 1st period - Deflect By Joe Pavelski.
15:27 of 1st period - Stopped by Pekka Rinne without a rebound.
15:28 of 1st period - Patrik Berglund wins face-off versus Nicklas Backstrom in Flames zone.
16:03 of 1st period - Snap shot by Joe Pavelski.
16:03 of 1st period - Shot Misses the Net.
16:05 of 1st period - Minor Penalty to Michel Ouellet for Tripping.
16:06 of 1st period - Joe Pavelski wins face-off versus Marcel Goc in Flames zone.
16:18 of 1st period - Off-side.
16:19 of 1st period - Marcel Goc wins face-off versus Nicklas Backstrom in neutral zone.
17:26 of 1st period - Derek Meech is hit by David Perron and loses puck.
18:05 of 1st period - Penalty to Michel Ouellet is over, Michel Ouellet is back on ice.
19:01 of 1st period - Taylor Hall is hit by Ron Hainsey and loses puck.
19:49 of 1st period - Derek Meech is hit by Nik Antropov and loses puck.
Goals for this period are 0 for Flames vs 2 for Blues.
Shots for this period are 4 for Flames vs 10 for Blues.

2nd period


0:01 of 2nd period - Nicklas Backstrom wins face-off versus Eric Staal in neutral zone.
0:04 of 2nd period - Slapshot by Alex Pietrangelo.
0:04 of 2nd period - Shot Blocked by Tomas Kaberle.
0:06 of 2nd period - Slapshot by Bryce Lampman.
0:06 of 2nd period - Stopped by Pekka Rinne with a rebound.
0:47 of 2nd period - Slapshot by Alex Pietrangelo.
0:47 of 2nd period - Stopped by Pekka Rinne with a rebound.
0:49 of 2nd period - Wrist shot by Alex Pietrangelo.
0:49 of 2nd period - Stopped by Pekka Rinne with a rebound.
0:51 of 2nd period - Slapshot by Alex Pietrangelo.
0:51 of 2nd period - Shot Misses the Net.
0:53 of 2nd period - Slapshot by Alex Pietrangelo.
0:53 of 2nd period - Shot Misses the Net.
0:55 of 2nd period - Wrist shot by Kevin Porter.
0:55 of 2nd period - Shot Misses the Net.
1:25 of 2nd period - Alexander Semin is hit by David Perron and loses puck.
1:51 of 2nd period - Eric Staal is hit by Taylor Hall and loses puck.
2:34 of 2nd period - Wrist shot by Jake Gardiner.
2:34 of 2nd period - Stopped by Pekka Rinne without a rebound.
2:35 of 2nd period - Nicklas Backstrom wins face-off versus Patrik Berglund in Flames zone.
2:42 of 2nd period - Slapshot by Tomas Kaberle.
2:42 of 2nd period - Shot Misses the Net.
2:50 of 2nd period - Wrist shot by Jordin Tootoo.
2:50 of 2nd period - Deflect By Patrik Berglund.
2:50 of 2nd period - Shot Misses the Net.
2:50 of 2nd period - Puck is out of play.
2:51 of 2nd period - Eric Staal wins face-off versus Travis Zajac in Blues zone.
3:17 of 2nd period - Sergei Shirokov is hit by Jordin Tootoo and loses puck.
3:24 of 2nd period - Slapshot by Jordin Tootoo.
3:24 of 2nd period - Stopped by Jeff Deslauriers without a rebound.
3:25 of 2nd period - Nicklas Backstrom wins face-off versus Patrik Berglund in Blues zone.
3:44 of 2nd period - Sergei Shirokov is hit by Steve Regier and loses puck.
4:20 of 2nd period - Wrist shot by Michel Ouellet.
4:20 of 2nd period - Shot Blocked by Alex Pietrangelo.
4:46 of 2nd period - Wrist shot by Colin Wilson.
4:46 of 2nd period - Stopped by Jeff Deslauriers without a rebound.
4:47 of 2nd period - Eric Staal wins face-off versus Nicklas Backstrom in Blues zone.
4:50 of 2nd period - Snap shot by Alexander Semin.
4:50 of 2nd period - Shot Blocked by Nicklas Backstrom.
4:52 of 2nd period - Slapshot by Derek Meech.
4:52 of 2nd period - Shot Misses the Net.
4:54 of 2nd period - Snap shot by Eric Staal.
4:54 of 2nd period - Shot Blocked by Nicklas Backstrom.
4:56 of 2nd period - Slapshot by Tomas Kaberle.
4:56 of 2nd period - Deflect By Alexander Semin.
4:56 of 2nd period - Stopped by Jeff Deslauriers without a rebound.
4:57 of 2nd period - Nicklas Backstrom wins face-off versus Eric Staal in Blues zone.
5:22 of 2nd period - Wrist shot by Eric Staal.
5:22 of 2nd period - Shot Misses the Net.
5:24 of 2nd period - Slapshot by David Backes.
5:24 of 2nd period - Shot Blocked by Steve McCarthy.
5:26 of 2nd period - Wrist shot by David Backes.
5:26 of 2nd period - Stopped by Jeff Deslauriers with a rebound.
5:28 of 2nd period - Snap shot by Alexander Semin.
5:28 of 2nd period - Stopped by Jeff Deslauriers with a rebound.
5:30 of 2nd period - Wrist shot by Eric Staal.
5:30 of 2nd period - Stopped by Jeff Deslauriers with a rebound.
5:32 of 2nd period - Slapshot by Derek Meech.
5:32 of 2nd period - Shot Blocked by Steve McCarthy.
5:34 of 2nd period - Slapshot by Tomas Kaberle.
5:34 of 2nd period - Deflect By Drew Fata.
5:34 of 2nd period - Stopped by Jeff Deslauriers with a rebound.
5:36 of 2nd period - Slapshot by Derek Meech.
5:36 of 2nd period - Stopped by Jeff Deslauriers without a rebound.
5:37 of 2nd period - Travis Zajac wins face-off versus Patrik Berglund in Blues zone.
6:34 of 2nd period - Jake Gardiner is hit by Erik Johnson.
6:46 of 2nd period - Wrist shot by Nicklas Backstrom.
6:46 of 2nd period - Shot Blocked by Alexander Semin.
7:16 of 2nd period - Snap shot by Travis Zajac.
7:16 of 2nd period - Goal by Travis Zajac - Flames : 0 - Blues : 3.
7:17 of 2nd period - Eric Staal wins face-off versus Nicklas Backstrom in neutral zone.
7:25 of 2nd period - Snap shot by Sergei Shirokov.
7:25 of 2nd period - Stopped by Pekka Rinne with a rebound.
8:06 of 2nd period - Bryce Lampman is hit by David Backes and loses puck.
8:17 of 2nd period - Icing by Robyn Regehr.
8:18 of 2nd period - Nicklas Backstrom wins face-off versus Eric Staal in Flames zone.
8:19 of 2nd period - Snap shot by David Perron.
8:19 of 2nd period - Stopped by Pekka Rinne without a rebound.
8:20 of 2nd period - Nicklas Backstrom wins face-off versus Patrik Berglund in Flames zone.
8:31 of 2nd period - Backhand shot by Sergei Shirokov.
8:31 of 2nd period - Stopped by Pekka Rinne without a rebound.
8:32 of 2nd period - Nicklas Backstrom wins face-off versus Patrik Berglund in Flames zone.
8:45 of 2nd period - Slapshot by Steve Regier.
8:45 of 2nd period - Deflect By Jordin Tootoo.
8:45 of 2nd period - Stopped by Jeff Deslauriers without a rebound.
8:46 of 2nd period - Eric Staal wins face-off versus Nicklas Backstrom in Blues zone.
10:04 of 2nd period - Drew Fata is hit by Brad Marchand and loses puck.
10:17 of 2nd period - Snap shot by David Backes.
10:17 of 2nd period - Stopped by Jeff Deslauriers with a rebound.
10:25 of 2nd period - Snap shot by Darren Reid.
10:25 of 2nd period - Stopped by Pekka Rinne without a rebound.
10:26 of 2nd period - Nicklas Backstrom wins face-off versus Patrik Berglund in Flames zone.
10:27 of 2nd period - Slapshot by Alex Pietrangelo.
10:27 of 2nd period - Shot Blocked by Ron Hainsey.
10:37 of 2nd period - Slapshot by Jordin Tootoo.
10:37 of 2nd period - Deflect By Steve Regier.
10:37 of 2nd period - Shot Misses the Net.
10:37 of 2nd period - Puck is out of play.
10:38 of 2nd period - David Backes wins face-off versus Nicklas Backstrom in Blues zone.
10:39 of 2nd period - Snap shot by Alexander Semin.
10:39 of 2nd period - Shot Misses the Net.
10:44 of 2nd period - Alex Pietrangelo is hit by Ron Hainsey and loses puck.
11:47 of 2nd period - Colin Wilson is hit by Travis Hamonic and loses puck.
12:17 of 2nd period - Slapshot by Alex Pietrangelo.
12:17 of 2nd period - Stopped by Pekka Rinne with a rebound.
13:41 of 2nd period - Wrist shot by David Perron.
13:41 of 2nd period - Stopped by Pekka Rinne without a rebound.
13:42 of 2nd period - Patrik Berglund wins face-off versus Travis Zajac in Flames zone.
13:51 of 2nd period - Slapshot by Bryce Lampman.
13:51 of 2nd period - Shot Blocked by Steve Regier.
13:53 of 2nd period - Wrist shot by Joe Pavelski.
13:53 of 2nd period - Stopped by Pekka Rinne with a rebound.
13:55 of 2nd period - Slapshot by Alex Pietrangelo.
13:55 of 2nd period - Deflect By Joe Pavelski.
13:55 of 2nd period - Shot Misses the Net.
13:55 of 2nd period - Puck is out of play.
13:56 of 2nd period - Eric Staal wins face-off versus Sergei Shirokov in Flames zone.
14:24 of 2nd period - Minor Penalty to Taylor Hall for Hooking.
14:25 of 2nd period - Nik Antropov wins face-off versus Eric Staal in Blues zone.
14:53 of 2nd period - Taylor Pyatt is hit by Patrik Berglund and loses puck.
15:34 of 2nd period - Icing by Robyn Regehr.
15:35 of 2nd period - Eric Staal wins face-off versus Nicklas Backstrom in Flames zone.
16:24 of 2nd period - Penalty to Taylor Hall is over, Taylor Hall is back on ice.
16:29 of 2nd period - Slapshot by Travis Zajac.
16:29 of 2nd period - Deflect By Marcel Goc.
16:29 of 2nd period - Shot Blocked by Marcel Goc.
16:29 of 2nd period - Puck is out of play.
16:30 of 2nd period - Marcel Goc wins face-off versus Nicklas Backstrom in Flames zone.
16:30 of 2nd period - Marcel Goc is hit by Nicklas Backstrom.
16:38 of 2nd period - Snap shot by Marcel Goc.
16:38 of 2nd period - Stopped by Jeff Deslauriers with a rebound.
17:18 of 2nd period - Darren Reid is hit by Colin Wilson and loses puck.
17:39 of 2nd period - Slapshot by Alex Pietrangelo.
17:39 of 2nd period - Deflect By Mark Bell.
17:39 of 2nd period - Stopped by Pekka Rinne without a rebound.
17:40 of 2nd period - Nicklas Backstrom wins face-off versus Marcel Goc in Flames zone.
19:23 of 2nd period - Slapshot by Paul Kariya.
19:23 of 2nd period - Shot Misses the Net.
19:31 of 2nd period - Snap shot by Kevin Porter.
19:31 of 2nd period - Stopped by Pekka Rinne with a rebound.
19:33 of 2nd period - Backhand shot by Paul Kariya.
19:33 of 2nd period - Stopped by Pekka Rinne without a rebound.
19:34 of 2nd period - Patrik Berglund wins face-off versus Nicklas Backstrom in Flames zone.
19:59 of 2nd period - Travis Zajac is hit by Steve Eminger and loses puck.
Goals for this period are 0 for Flames vs 1 for Blues.
Shots for this period are 11 for Flames vs 15 for Blues.

3rd period


0:01 of 3rd period - Nicklas Backstrom wins face-off versus Eric Staal in neutral zone.
0:26 of 3rd period - Bryce Lampman is hit by Patrik Berglund and loses puck.
0:56 of 3rd period - Minor Penalty to Mark Bell for Hooking.
0:57 of 3rd period - Taylor Hall wins face-off versus Marcel Goc in Flames zone.
0:59 of 3rd period - Slapshot by Alex Pietrangelo.
0:59 of 3rd period - Deflect By Taylor Hall.
0:59 of 3rd period - Stopped by Pekka Rinne with a rebound.
1:01 of 3rd period - Slapshot by Alex Pietrangelo.
1:01 of 3rd period - Shot Misses the Net.
1:03 of 3rd period - Slapshot by Alex Pietrangelo.
1:03 of 3rd period - Stopped by Pekka Rinne without a rebound.
1:04 of 3rd period - Jordin Tootoo wins face-off versus Nicklas Backstrom in Flames zone.
1:14 of 3rd period - Icing by Nicklas Backstrom.
1:15 of 3rd period - Taylor Hall wins face-off versus Marcel Goc in Blues zone.
1:53 of 3rd period - Off-side.
1:54 of 3rd period - Eric Staal wins face-off versus Sergei Shirokov in neutral zone.
2:14 of 3rd period - Jordin Tootoo is hit by Travis Hamonic and loses puck.
2:56 of 3rd period - Penalty to Mark Bell is over, Mark Bell is back on ice.
3:32 of 3rd period - Snap shot by Darren Reid.
3:32 of 3rd period - Stopped by Pekka Rinne with a rebound.
3:48 of 3rd period - Slapshot by Michel Ouellet.
3:48 of 3rd period - Stopped by Jeff Deslauriers with a rebound.
3:50 of 3rd period - Wrist shot by Marcel Goc.
3:50 of 3rd period - Stopped by Jeff Deslauriers without a rebound.
3:51 of 3rd period - Marcel Goc wins face-off versus Nik Antropov in Blues zone.
4:00 of 3rd period - Wrist shot by Erik Johnson.
4:00 of 3rd period - Deflect By Nik Antropov.
4:00 of 3rd period - Stopped by Jeff Deslauriers with a rebound.
4:21 of 3rd period - Alexander Semin is hit by Nicklas Backstrom and loses puck.
5:01 of 3rd period - Slapshot by Brad Marchand.
5:01 of 3rd period - Stopped by Jeff Deslauriers without a rebound.
5:02 of 3rd period - Eric Staal wins face-off versus Nicklas Backstrom in Blues zone.
5:07 of 3rd period - Wrist shot by Eric Staal.
5:07 of 3rd period - Goal by Eric Staal - Flames : 1 - Blues : 3.
5:08 of 3rd period - Nicklas Backstrom wins face-off versus Eric Staal in neutral zone.
5:13 of 3rd period - Wrist shot by Eric Staal.
5:13 of 3rd period - Shot Misses the Net.
6:07 of 3rd period - Minor Penalty to Michel Ouellet for Hooking.
6:08 of 3rd period - Marcel Goc wins face-off versus Nicklas Backstrom in Flames zone.
6:38 of 3rd period - Slapshot by Jake Gardiner.
6:38 of 3rd period - Shot Blocked by Tomas Kaberle.
6:40 of 3rd period - Slapshot by Sergei Shirokov.
6:40 of 3rd period - Shot Hit the Post.
6:55 of 3rd period - Icing by Bryce Lampman.
6:56 of 3rd period - Nicklas Backstrom wins face-off versus Marcel Goc in Blues zone.
8:07 of 3rd period - Penalty to Michel Ouellet is over, Michel Ouellet is back on ice.
8:10 of 3rd period - Steve Eminger is hit by Travis Zajac and loses puck.
9:41 of 3rd period - Tomas Kopecky is hit by Tomas Kaberle.
9:53 of 3rd period - Wrist shot by Travis Zajac.
9:53 of 3rd period - Stopped by Pekka Rinne without a rebound.
9:54 of 3rd period - Travis Zajac wins face-off versus Colin Wilson in Flames zone.
10:05 of 3rd period - Wrist shot by Taylor Hall.
10:05 of 3rd period - Shot Blocked by Noah Welch.
10:23 of 3rd period - Snap shot by Alexander Semin.
10:23 of 3rd period - Stopped by Jeff Deslauriers with a rebound.
10:27 of 3rd period - Wrist shot by Eric Staal.
10:27 of 3rd period - Stopped by Jeff Deslauriers without a rebound.
10:28 of 3rd period - Marcel Goc wins face-off versus Nicklas Backstrom in Blues zone.
10:35 of 3rd period - Wrist shot by Michel Ouellet.
10:35 of 3rd period - Stopped by Jeff Deslauriers without a rebound.
10:36 of 3rd period - Marcel Goc wins face-off versus Nicklas Backstrom in Blues zone.
10:37 of 3rd period - Slapshot by Erik Johnson.
10:37 of 3rd period - Stopped by Jeff Deslauriers with a rebound.
10:47 of 3rd period - Steve Eminger is hit by Sergei Shirokov and loses puck.
11:13 of 3rd period - Jake Gardiner is hit by Steve Eminger and loses puck.
11:34 of 3rd period - Wrist shot by Michel Ouellet.
11:34 of 3rd period - Deflect By Nicklas Backstrom.
11:34 of 3rd period - Shot Misses the Net.
11:34 of 3rd period - Puck is out of play.
11:35 of 3rd period - Travis Zajac wins face-off versus Patrik Berglund in Blues zone.
12:11 of 3rd period - Wrist shot by Eric Staal.
12:11 of 3rd period - Shot Blocked by Bryce Lampman.
12:13 of 3rd period - Wrist shot by Robyn Regehr.
12:13 of 3rd period - Shot Blocked by Bryce Lampman.
12:29 of 3rd period - Robyn Regehr is hit by Tomas Kopecky and loses puck.
12:50 of 3rd period - Jake Gardiner is hit by Noah Welch and loses puck.
13:09 of 3rd period - Ron Hainsey is hit by Paul Kariya and loses puck.
13:48 of 3rd period - Marcel Goc is hit by Tomas Kopecky and loses puck.
14:08 of 3rd period - Erik Johnson is hit by Travis Hamonic and loses puck.
14:28 of 3rd period - Eric Staal is hit by Darren Reid.
14:33 of 3rd period - Minor Penalty to David Backes for Tripping.
14:34 of 3rd period - Marcel Goc wins face-off versus Nicklas Backstrom in Flames zone.
15:11 of 3rd period - Snap shot by Travis Zajac.
15:11 of 3rd period - Shot Blocked by Derek Meech.
16:01 of 3rd period - Sergei Shirokov is hit by Ron Hainsey and loses puck.
16:33 of 3rd period - Penalty to David Backes is over, David Backes is back on ice.
17:08 of 3rd period - Wrist shot by Eric Staal.
17:08 of 3rd period - Shot Hit the Post.
17:10 of 3rd period - Wrist shot by David Backes.
17:10 of 3rd period - Stopped by Jeff Deslauriers without a rebound.
17:11 of 3rd period - Jordin Tootoo wins face-off versus Travis Zajac in Blues zone.
18:10 of 3rd period - Slapshot by Alexander Semin.
18:10 of 3rd period - Stopped by Jeff Deslauriers without a rebound.
18:11 of 3rd period - Nicklas Backstrom wins face-off versus Eric Staal in Blues zone.
18:16 of 3rd period - Snap shot by David Perron.
18:16 of 3rd period - Deflect By David Backes.
18:16 of 3rd period - Stopped by Pekka Rinne without a rebound.
18:17 of 3rd period - Nicklas Backstrom wins face-off versus Marcel Goc in Flames zone.
18:48 of 3rd period - Slapshot by David Backes.
18:48 of 3rd period - Goal by David Backes - Flames : 2 - Blues : 3.
18:49 of 3rd period - Eric Staal wins face-off versus Nik Antropov in neutral zone.
18:52 of 3rd period - Flames, Pekka Rinne is pulled from the net.
18:54 of 3rd period - Wrist shot by Alexander Semin.
18:54 of 3rd period - Shot Misses the Net.
18:56 of 3rd period - Snap shot by Steve Eminger.
18:56 of 3rd period - Deflect By Eric Staal.
18:56 of 3rd period - Stopped by Jeff Deslauriers without a rebound.
18:57 of 3rd period - Lindy Ruff call a timeout for Flames.
18:57 of 3rd period - Eric Staal wins face-off versus Nik Antropov in Blues zone.
19:02 of 3rd period - Wrist shot by Alexander Semin.
19:02 of 3rd period - Stopped by Jeff Deslauriers with a rebound.
19:04 of 3rd period - Wrist shot by Eric Staal.
19:04 of 3rd period - Stopped by Jeff Deslauriers with a rebound.
19:06 of 3rd period - Wrist shot by David Backes.
19:06 of 3rd period - Stopped by Jeff Deslauriers without a rebound.
19:07 of 3rd period - Eric Staal wins face-off versus Nik Antropov in Blues zone.
19:20 of 3rd period - Slapshot by Alexander Semin.
19:20 of 3rd period - Shot Blocked by David Perron.
19:54 of 3rd period - Snap shot by David Backes.
19:54 of 3rd period - Stopped by Jeff Deslauriers without a rebound.
19:55 of 3rd period - Nik Antropov wins face-off versus David Backes in Blues zone.
Goals for this period are 2 for Flames vs 0 for Blues.
Shots for this period are 17 for Flames vs 5 for Blues.